 Dungeon Crawl Stone Soup version 0.31-a0-986-g5e6e4ef867 (webtiles) character file.

Game seed: 3960129254925433906

39083 Jeffwins the Grappler (level 13, -2/126 HPs)
             Began as a Purple Draconian Shapeshifter on Nov 24, 2023.
             Was an Initiate of Gozag.
             Killed from afar by a blizzard demon (17 damage)
             ... with a freezing blast
             ... on level 3 of the Abyss.
             The game lasted 00:42:12 (19274 turns).

Jeffwins the Grappler (DrSh)                       Turns: 19274, Time: 00:42:12

Health: -2/126     AC: 13    Str: 20 (21) XL:     13   Next: 67%
Magic:  0/17       EV: 12    Int: 15 (17) God:    Gozag
Gold:   1233       SH:  0    Dex:  8 (10) Spells: 11/20 levels left

rFire   + .          .
                       - Unarmed
rCold   . . .        (shield currently unavailable)
rNeg    . . .        (body armour unavailable)
rPois   .            (helmet currently unavailable)
rElec   .            (cloak currently unavailable)
rCorr   .            m - melded +0 pair of gloves
SInv    .            Q - melded +0 pair of boots {rampage}
Will    +....        G - amulet of guardian spirit
Stlth   +++          f - ring of protection from fire
HPRegen 0.41/turn    O - +4 ring of protection
MPRegen 0.15/turn

%: guardian spirit
@: mighty, snake-form, gold aura, studying Dodging
A: constrict, boosted hp, (breathe power), AC +8, large, unfitting armour,
(cold-blooded), (horns 1), low MP 1
a: Begin Untransformation, Renounce Religion, Potion Petition, Call Merchant,
Bribe Branch


You were on level 3 of the Abyss.
You worshipped Gozag.
Gozag was most pleased with you.
You were an enormous anaconda.
You visited 3 branches of the dungeon, and saw 16 of its levels.
You visited the Abyss 1 time.
You also visited: Bailey and Volcano.

You collected 4247 gold pieces.
You spent 835 gold pieces at shops.
You paid 2179 gold pieces to Gozag.


Innate Abilities, Weirdness & Mutations

You are an enormous anaconda.
You have a powerful constriction melee attack.
Your maximum health is increased.
Your armour is entirely melded.
You are incapable of wielding weapons or throwing items.
((You can breathe bolts of dispelling energy.))
((Your rich purple scales are hard. (AC +8)))
You cannot fit into any form of body armour.
((You are cold-blooded and may be slowed by cold attacks.))
((You have a pair of small horns on your head.))
Your magical capacity is low. (-10% MP)


   Skills:
 + Level 7.5 Fighting
 + Level 9.7 Dodging
 + Level 6.6 Stealth
 * Level 11.2 Unarmed Combat
 - Level 4.0 Spellcasting
 - Level 6.0 Conjurations
 + Level 6.4 Air Magic
 * Level 7.5 Poison Magic
 + Level 8.5 Evocations
 * Level 10.3 Shapeshifting


You had 11 spell levels left.
You knew the following spells:

 Your Spells              Type           Power      Damage    Failure   Level
m - Mephitic Cloud        Conj/Pois/Air  22%        N/A       3%          3
o - Olgreb's Toxic Radia  Pois           25%        N/A       8%          4
z - Poisonous Vapours     Pois/Air       46%        N/A       1%          2

Your spell library contained the following spells:

 Spells                   Type           Power      Damage    Failure   Level
 Magic Dart               Conj           84%        1d7       1%          1
 Sting                    Tmut/Pois      56%        1d5       3%          1
 Stone Arrow              Conj/Erth      24%        3d8       16%         3
 Sandblast                Erth           6%         2d5       19%         1
 Call Imp                 Summ           6%         N/A       26%         2
 Ensorcelled Hibernation  Hex/Ice        6%         N/A       26%         2
 Jinxbite                 Hex            6%         N/A       26%         2
 Passwall                 Tmut/Erth      2%         N/A       26%         2
 Brom's Barrelling Bould  Conj/Erth      12%        2d4       45%         4
 Flame Wave               Conj/Fire      12%        2d6       45%         4
 Sticky Flame             Conj/Fire      12%        2d4       45%         4
 Gell's Gravitas          Tloc           3%         N/A       47%         3
 Inner Flame              Hex/Fire       3%         N/A       47%         3
 Teleport Other           Tloc           3%         N/A       47%         3
 Anguish                  Hex/Necr       1%         N/A       87%         4
 Dispersal                Tloc           1%         N/A       100%        6

Inventory:

Hand Weapons
 D - the +7 halberd of Corpus Delicti {elec, rN+ Will+ Dex+2}
   (You found it on level 2 of the Lair of Beasts)

   Dex+2:     It affects your dexterity (+2).
   rN+:       It protects you from negative energy.
   Will+:     It increases your willpower.
 N - the +0 spear "Goblinslayer" {venom, Int+3 SInv}
   (You found it on level 8 of the Dungeon)

   Int+3:     It affects your intelligence (+3).
   SInv:      It lets you see invisible.
Missiles
 s - 34 poisoned darts
 R - a curare-tipped dart (quivered) {=f}
Armour
 m - a +0 pair of gloves (melded)
 M - an orb of light
 Q - a +0 pair of boots of rampaging (melded)
 Y - a +2 cloak
Jewellery
 f - a ring of protection from fire (left hand)
 n - the ring "Itrar" {rF+ Str+3 Int+6 Dex+2}
   (You acquired it on level 2 of the Lair of Beasts)

   [ring of intelligence]

   Str+3:     It affects your strength (+3).
   Int+6:     It affects your intelligence (+6).
   Dex+2:     It affects your dexterity (+2).
   rF+:       It protects you from fire.
 A - the ring of Hytivoum {rPois rN+ Dex+3}
   (You bought it in a shop on level 1 of the Lair of Beasts)

   [ring of positive energy]

   Dex+3:     It affects your dexterity (+3).
   rPois:     It protects you from poison rN+: It protects you from negative
   energy.
 C - a ring of protection from cold
 F - a ring of fire
 G - an amulet of guardian spirit (around neck)
 O - a +4 ring of protection (right hand)
Talismans
 b - a beast talisman
 c - a flux talisman
 j - a serpent talisman (active)
Wands
 u - a wand of charming (7)
 L - a wand of flame (44)
 T - a wand of light (9)
 Z - a wand of polymorph (5)
Scrolls
 h - 8 scrolls of fog
 k - 5 scrolls of enchant armour
 r - 10 scrolls of teleportation {@r4}
 v - 2 scrolls of summoning
 B - a scroll of fear
 E - 2 scrolls of poison {!r}
 H - 2 scrolls of revelation
 I - a scroll of immolation {!r}
 K - 2 scrolls of vulnerability {!r}
 V - 2 scrolls of enchant weapon
 W - 2 scrolls of blinking
 X - 3 scrolls of amnesia
Potions
 d - a potion of cancellation
 l - 4 potions of magic
 o - 7 potions of curing {@q1}
 p - 2 potions of haste {unknown}
 q - a potion of might
 t - a potion of enlightenment
 x - 3 potions of degeneration {!q}
 z - 5 potions of heal wounds {@q2}
 J - a potion of brilliance

Dungeon Overview and Level Annotations

Branches:
Dungeon (12/15)            Temple (1/1) D:5            Lair (3/5) D:9
  Swamp (0/4) Lair:2        Snake (0/4) Lair:3          Orc (0/2) D:10
 Bailey (visited)         Volcano (visited)

Altars:
Ashenzari
Cheibriados
Dithmenos
Elyvilon
Fedhas
Gozag
Hepliaklqana
Kikubaaqudgha
Makhleb
Nemelex Xobeh
Okawaru
Qazlal
Ru
Sif Muna
Trog
Uskayaw
Vehumet
Wu Jian
Xom
Yredelemnul
Zin
The Shining One

Shops:
D:4 (   D:9 *   Lair:1 *   Lair:2 =

Portals:
Trove: D:12 (give +6 ice dragon scales)

Annotations:
D:6 3 runed translucent doors, LeprechaunX's ghost, novice OpSh; hito's ghost, novice DrSh; serber55's ghost, novice GnDe
D:8 2 transporters, LeprechaunX's ghost, novice OpSh

# .# . ##▒.
▒
▒...▒▒.░░#
▒.....▓.▒#▓
░...## #
░2S..# X
..░.▒...#
...▓.▒▒#▒▒
░ .. # ░▒#
▓▓


You could see a blizzard demon.


Message History

Unknown command.
You lash the large abomination! You grab the large abomination.
The large abomination is moderately damaged.
You constrict the large abomination, but do no damage.
You hear a shout!
A blizzard demon comes into view.
The large abomination hits you!!
* * * LOW HITPOINT WARNING * * *
You body-slam the large abomination!!
The large abomination is almost destroyed.
You constrict the large abomination, but do no damage.
Unknown command.
You body-slam the large abomination!!
You destroy the large abomination!
You feel the corruption within you wane completely.
You lose the ability to drink potions when taking damage less often.
You no longer become unable to drink potions after taking damage.
Unknown command.
You closely miss the blizzard demon. Your grab misses the blizzard demon.
The blizzard demon hits you!
* * * LOW HITPOINT WARNING * * *
The blizzard demon hits you.
* * * LOW HITPOINT WARNING * * *
Unknown command.
You lash the blizzard demon! Your grab misses the blizzard demon.
The blizzard demon is lightly wounded.
The blizzard demon gestures at you. The freezing blast engulfs you!!
You die...
Your body crumbles into a pile of gold.

Skill      XL: |  1  2  3  4  5  6  7  8  9 10 11 12 13 |
---------------+----------------------------------------+-----
Unarmed Combat | 4 5 6 7 8 9 10 11 | 11.2
Shapeshifting  | 4 5 6 7 8 9 10 | 10.3
Evocations     | 1 2 4 5 6 7 8 |  8.5
Dodging        | 3 4 5 6 8 9 |  9.7
Spellcasting   | 1 3 4 |  4.0
Conjurations   | 1 2 3 5 6 |  6.0
Stealth        | 1 3 4 5 6 |  6.6
Air Magic      | 1 2 3 4 5 6 |  6.4
Poison Magic   | 1 2 3 4 6 7 |  7.5
Fighting       | 2 3 4 5 6 7 |  7.5

Action                     |  1- 3 |  4- 6 |  7- 9 | 10-12 | 13-15 || total
---------------------------+-------+-------+-------+-------+-------++-------
  Melee: Unarmed           |    80 |   184 |   421 |   504 |   234 ||  1423
         Tailslap          |     9 |    28 |    67 |    37 |       ||   141
         Constrict         |       |       |       |    67 |    27 ||    94
   Cast: Mephitic Cloud    |       |       |       |     4 |       ||     4
         Olgreb's Toxic Ra |       |       |       |     2 |       ||     2
 Invoke: Call Merchant     |       |       |       |     2 |     1 ||     3
Ability: Breathe Dispellin |       |       |     2 |     3 |       ||     5
  Evoke: Wand              |       |       |     4 |    12 |     4 ||    20
    Use: Potion            |       |       |     2 |     1 |    11 ||    14
         Scroll            |       |       |     5 |     6 |    10 ||    21
   Stab: Confused          |       |       |       |     3 |       ||     3
         Invisible         |       |       |       |     3 |     1 ||     4
         Distracted        |       |       |       |     4 |     2 ||     6
         Sleeping          |       |       |       |     7 |     2 ||     9
 Armour: Skin              |    65 |    86 |   248 |   340 |   191 ||   930
  Dodge: Dodged            |    78 |    84 |   272 |   244 |    89 ||   767
   Form: Flux              |       |     1 |     1 |     1 |       ||     3
         Beast             |       |       |     1 |       |       ||     1
         Anaconda          |       |       |       |     2 |       ||     2

Levels and vault maps discovered:
D:1:      minmay_arrival_solitary_statue, layout_rooms,
          nicolae_houndstooth_variations
D:2:      layout_rooms
D:3:      cheibrodos_fertilizer, layout_rooms, fiery_altar_vehumet,
          mainiacjoe_overflow_cross_hatched, nrook_mini_backslash, uniq_robin,
          uniq_grinder, uniq_ijyb
D:4:      layout_rooms, okawaru_ov_weapons_minmay, nicolae_tso_carved_into_rock,
          serial_shops, nicolae_stop_n_shop_2, minmay_manual_mares,
          uniq_natasha, uniq_duvessa
D:5:      layout_rooms, minmay_temple_entry_arrows
D:6:      layout_gridville, gammafunk_ghost_cemetery, minmay_between,
          uniq_blork_the_orc
D:7:      layout_loops_ring, lemuel_tele_altar
D:8:      layout_basic, gammafunk_ghost_arena, enter_bailey_2, uniq_maggie
D:9:      layout_irregular_city, erik_lair_dragon, corner_web_ring,
          minmay_hedge_maze
D:10:     layout_roguey, old_standard_altar, slow_altar_2, orc_david_3
D:11:     layout_cross, hellmonk_guarded_unrand_zhor
D:12:     layout_basic, enter_trove_5, bh_walls_and_bars
Temple:   hellmonk_temple_of_storms
Lair:1:   hellmonk_destroyed_diamonds, layout_long_grid, basic_altar,
          serial_bayou_shore_b, serial_bayou_shore_b,
          infiniplex_staircase_pool_2
Lair:2:   layout_roguey, skrybe_swamp_entry_bodies, serial_forest,
          infiniplex_forest_straight_2, infiniplex_forest_straight_1,
          infiniplex_forest_straight_2, infiniplex_forest_lined_room_,
          infiniplex_forest_clump_tiny, infiniplex_forest_lined_3,
          infiniplex_forest_pool, infiniplex_forest_straight_4, minivault_19,
          serial_bayou_shore_b
Lair:3:   layout_misc_corridors, minmay_snake_entry_guardpost_small,
          lightli_volcano_entry_magma_tube, uniq_josephine, uniq_gastronok,
          uniq_fannar
Abyss:3:  base: Temple, hangedman_abyss_or_decor_passed, minivault_23,
          spicy_pingpong_abyss_rune
Volcano:  volcano_bunker

Notes
Turn   | Place    | Note
-------+----------+-------------------------------------------
     0 | D:1      | Jeffwins the Draconian Shapeshifter began the quest for the
                  | Orb.
     0 | D:1      | Reached XP level 1. HP: 16/16 MP: 1/1
   209 | D:1      | Reached XP level 2. HP: 23/23 MP: 2/2
   556 | D:1      | Reached XP level 3. HP: 20/28 MP: 3/3
   798 | D:1      | Reached skill level 4 in Unarmed Combat
  1012 | D:1      | Reached XP level 4. HP: 34/35 MP: 4/4
  1028 | D:2      | Reached skill level 4 in Shapeshifting
  1585 | D:3      | Reached XP level 5. HP: 40/40 MP: 5/5
  1787 | D:3      | Found a bloodstained altar of Trog.
  1787 | D:3      | Found a shimmering blue altar of Sif Muna.
  1787 | D:3      | Found an iron altar of Okawaru.
  1787 | D:3      | Found a shimmering blue altar of Sif Muna.
  1787 | D:3      | Found a basalt altar of Yredelemnul.
  1787 | D:3      | Found a bloodstained altar of Trog.
  1809 | D:3      | HP: 3/30 [acid (2)]
  1811 | D:3      | Reached skill level 5 in Unarmed Combat
  1978 | D:3      | Found a radiant altar of Vehumet.
  2025 | D:3      | Noticed Ijyb
  2052 | D:3      | Killed Ijyb
  2136 | D:3      | Found an ancient bone altar of Kikubaaqudgha.
  2136 | D:3      | Noticed Grinder
  2152 | D:3      | Killed Grinder
  2153 | D:3      | Reached skill level 1 in Evocations
  2153 | D:3      | Reached skill level 5 in Shapeshifting
  2153 | D:3      | Reached XP level 6. HP: 17/47 MP: 6/6
  2331 | D:3      | Noticed Robin
  2345 | D:3      | Reached skill level 2 in Evocations
  2361 | D:3      | Killed Robin
  2695 | D:4      | Noticed Natasha
  2695 | D:4      | Found Xulunga's Antique Weapon Boutique.
  2701 | D:4      | Killed Natasha
  2801 | D:4      | Your scales start taking on a rich purple colour.
  2801 | D:4      | Reached XP level 7. HP: 43/52 MP: 7/7
  2859 | D:4      | Reached skill level 6 in Unarmed Combat
  2859 | D:4      | Reached skill level 3 in Evocations
  3019 | D:4      | Found an iron altar of Okawaru.
  3195 | D:4      | Noticed Natasha
  3206 | D:4      | Killed Natasha
  3207 | D:4      | Reached skill level 2 in Dodging
  3253 | D:4      | Identified the +9 mace of Tejegeoz {antimagic, rPois}
  3372 | D:4      | Noticed Dowan
  3372 | D:4      | Noticed Duvessa
  3401 | D:4      | Killed Duvessa
  3690 | D:4      | Killed Dowan
  3691 | D:4      | Reached skill level 3 in Dodging
  3894 | D:4      | Reached skill level 6 in Shapeshifting
  3957 | D:4      | Noticed Natasha
  3963 | D:4      | Killed Natasha
  3964 | D:4      | Reached skill level 4 in Evocations
  3964 | D:4      | Reached XP level 8. HP: 52/59 MP: 8/8
  4036 | D:4      | Found a glowing golden altar of the Shining One.
  4096 | D:5      | Entered Level 5 of the Dungeon
  4137 | D:4      | Reached skill level 4 in Dodging
  4291 | D:5      | Learned a level 3 spell: Mephitic Cloud
  4306 | D:5      | Found a staircase to the Ecumenical Temple.
  4319 | Temple   | Entered the Ecumenical Temple
  4342 | Temple   | Became a worshipper of Gozag Ym Sagoz the Greedy
  4623 | D:5      | Identified the +2 robe of Emesoa {Drain rElec Regen+ Dex+8}
  4779 | D:6      | Reached skill level 1 in Spellcasting
  4815 | D:6      | Reached skill level 1 in Conjurations
  4824 | D:6      | Reached skill level 1 in Stealth
  4824 | D:6      | Reached skill level 1 in Air Magic
  4824 | D:6      | Reached skill level 1 in Poison Magic
  4886 | D:6      | Reached skill level 7 in Unarmed Combat
  4896 | D:6      | Reached skill level 2 in Fighting
  5088 | D:6      | Found a runed translucent gate.
  5088 | D:6      | Found a runed translucent gate.
  5088 | D:6      | Found a runed translucent gate.
  5090 | D:6      | Noticed LeprechaunX's ghost (novice OpSh)
  5091 | D:6      | Noticed serber55's ghost (novice GnDe)
  5092 | D:6      | Noticed hito's ghost (novice DrSh)
  5270 | D:6      | Reached skill level 5 in Evocations
  5270 | D:6      | Reached XP level 9. HP: 64/67 MP: 11/11
  5550 | D:6      | Reached skill level 2 in Spellcasting
  5899 | D:6      | Noticed Blork the orc
  5904 | D:6      | Killed Blork the orc
  5905 | D:6      | Reached skill level 5 in Dodging
  5905 | D:6      | Reached skill level 2 in Stealth
  5905 | D:6      | Reached skill level 2 in Conjurations
  6103 | D:7      | Reached skill level 2 in Air Magic
  6103 | D:7      | Reached skill level 2 in Poison Magic
  6303 | D:7      | Found a basalt altar of Yredelemnul.
  6602 | D:7      | Reached skill level 3 in Fighting
  7035 | D:8      | Found a transporter.
  7039 | D:8      | Noticed LeprechaunX's ghost (novice OpSh)
  7049 | D:8      | Found a transporter.
  7244 | D:8      | Reached skill level 3 in Spellcasting
  7288 | D:8      | Reached skill level 7 in Shapeshifting
  7461 | D:8      | Noticed Maggie
  7506 | D:8      | Killed Maggie
  7507 | D:8      | Reached skill level 3 in Stealth
  7507 | D:8      | Reached XP level 10. HP: 24/77 MP: 14/14
  7555 | D:8      | Found a flagged portal.
  7565 | D:8      | Identified the +0 spear "Goblinslayer" {venom, Int+3 SInv}
  7617 | Bailey   | Entered a bailey
  7747 | Bailey   | Reached skill level 3 in Conjurations
  7788 | Bailey   | Found a large runed translucent door.
  7788 | Bailey   | Found a large runed translucent door.
  7789 | Bailey   | Noticed a deep elf pyromancer
  7790 | Bailey   | Noticed an orc knight
  7827 | Bailey   | Killed an orc knight
  7828 | Bailey   | Reached skill level 6 in Dodging
  7828 | Bailey   | Reached skill level 3 in Air Magic
  7828 | Bailey   | Reached skill level 3 in Poison Magic
  7834 | Bailey   | Reached skill level 8 in Unarmed Combat
  8051 | Bailey   | Killed a deep elf pyromancer
  8052 | Bailey   | Reached skill level 6 in Evocations
  8058 | Bailey   | Identified the ring of Spite {rPois rN+}
  8074 | Bailey   | Identified the +10 plate armour of Bam Tio {rF+}
  8491 | D:9      | HP: 6/78 [poisoned by a hornet]
  8725 | D:9      | Reached skill level 4 in Fighting
  8770 | D:9      | Noticed a two-headed ogre
  8797 | D:9      | Killed a two-headed ogre
  8798 | D:9      | Reached skill level 4 in Spellcasting
  9150 | D:9      | Reached skill level 4 in Stealth
  9377 | D:9      | Reached XP level 11. HP: 10/85 MP: 14/17
  9669 | D:9      | Reached skill level 4 in Conjurations
  9923 | D:9      | Reached skill level 8 in Shapeshifting
 10176 | D:9      | Reached skill level 4 in Air Magic
 10302 | D:9      | Reached skill level 7 in Dodging
 10311 | D:9      | Found a staircase to the Lair.
 10940 | D:9      | Reached skill level 4 in Poison Magic
 11130 | D:9      | Bought a scroll labelled HUSUULOXTOFO for 31 gold pieces
 11130 | D:9      | Bought a wand of flame (10) for 217 gold pieces
 11130 | D:9      | Bought 2 lumpy black potions for 55 gold pieces
 11130 | D:9      | Bought a coppery potion for 27 gold pieces
 11130 | D:9      | Bought a bubbling sapphire potion for 27 gold pieces
 11130 | D:9      | Bought a scroll of teleportation for 93 gold pieces
 11132 | D:10     | Entered Level 10 of the Dungeon
 11145 | D:10     | Found a staircase to the Orcish Mines.
 11221 | D:10     | You fall into a shaft and drop 2 floors!
 11327 | D:12     | Reached skill level 5 in Fighting
 11327 | D:12     | Reached skill level 9 in Unarmed Combat
 11560 | D:12     | Noticed a vault guard
 11569 | D:12     | HP: 2/86 [vault guard/+0 great mace (20)]
 11570 | D:12     | Killed a vault guard
 11820 | D:12     | Found a portal to a secret trove of treasure.
 11875 | D:12     | Noticed a boulder beetle
 11904 | D:12     | Killed a boulder beetle
 12178 | D:12     | Reached skill level 7 in Evocations
 12799 | D:11     | Noticed a two-headed ogre
 12805 | D:11     | Killed a two-headed ogre
 12815 | D:11     | Reached skill level 5 in Stealth
 12822 | D:11     | Noticed a two-headed ogre
 12830 | D:11     | Killed a two-headed ogre
 12831 | D:11     | Reached skill level 8 in Dodging
 12831 | D:11     | Reached skill level 5 in Conjurations
 12831 | D:11     | Reached XP level 12. HP: 55/95 MP: 11/18
 13015 | D:10     | Found a snail-covered altar of Cheibriados.
 13194 | D:10     | Found a sacrificial altar of Ru.
 13469 | D:10     | Learned a level 4 spell: Olgreb's Toxic Radiance
 13627 | D:11     | Found the +4 skin of Zhor {*Englaciate rC+++ SInv}
 13644 | D:11     | Reached skill level 9 in Shapeshifting
 13705 | D:11     | Noticed a five-headed hydra
 13716 | D:10     | Killed a five-headed hydra
 13717 | D:10     | Reached skill level 5 in Air Magic
 13717 | D:10     | Reached skill level 5 in Poison Magic
 13876 | D:11     | Reached skill level 6 in Fighting
 14611 | D:14     | Identified the "Reph"
 14611 | Lair:1   | Entered Level 1 of the Lair of Beasts
 14630 | Lair:1   | Bought 2 scrolls of teleportation for 210 gold pieces
 14630 | Lair:1   | Bought a fine ivory ring for 175 gold pieces
 14630 | Lair:1   | Identified the ring of Hytivoum {rPois rN+ Dex+3} (You
                  | bought it in a shop on level 1 of the Lair of Beasts)
 14709 | Lair:1   | Noticed a death yak
 14709 | Lair:1   | Noticed a death yak
 14712 | Lair:1   | Noticed a death yak
 14713 | Lair:1   | Noticed a death yak
 14714 | Lair:1   | Noticed a death yak
 14716 | Lair:1   | Reached skill level 10 in Unarmed Combat
 14717 | Lair:1   | Noticed a death yak
 14721 | Lair:1   | Killed a death yak
 14738 | Lair:1   | Killed a death yak
 14746 | Lair:1   | Killed a death yak
 14762 | Lair:1   | Killed a death yak
 14765 | Lair:1   | Killed a death yak
 14771 | Lair:1   | Killed a death yak
 15002 | Lair:1   | Reached skill level 6 in Poison Magic
 15356 | Lair:1   | Learned a level 2 spell: Poisonous Vapours
 15522 | Lair:1   | Found a broken altar of Ashenzari.
 15533 | Lair:1   | Identified the +3 war axe "Irijeum" {spect, SInv}
 16104 | Lair:2   | Identified the +7 halberd of Corpus Delicti {elec, rN+
                  | Will+ Dex+2}
 16421 | Lair:2   | Reached skill level 8 in Evocations
 16465 | Lair:2   | Reached skill level 9 in Dodging
 16477 | Lair:2   | Reached XP level 13. HP: 104/104 MP: 19/19
 16482 | Lair:2   | Reached skill level 6 in Stealth
 16485 | Lair:2   | Reached skill level 6 in Conjurations
 16946 | Lair:2   | Found a staircase to the Swamp.
 16950 | Lair:2   | Identified 2 scrolls of acquirement
 16951 | Lair:2   | Acquired 808 gold pieces
 16953 | Lair:2   | Identified the "Vacur" (You acquired it on level 2 of the
                  | Lair of Beasts)
 16953 | Lair:2   | Acquired the ring "Itrar" {rF+ Str+3 Int+6 Dex+2}
 17120 | Lair:2   | Reached skill level 7 in Fighting
 17130 | Lair:2   | Reached skill level 6 in Air Magic
 17668 | Lair:3   | Noticed Josephine
 17696 | Lair:2   | Reached skill level 10 in Shapeshifting
 17796 | Lair:2   | Reached skill level 7 in Poison Magic
 17804 | Lair:2   | Killed Josephine
 17888 | Lair:3   | Found a staircase to the Snake Pit.
 17943 | Lair:3   | Found a dark tunnel.
 18021 | Volcano  | Entered a volcano
 18031 | Volcano  | Reached skill level 11 in Unarmed Combat
 18196 | Volcano  | You are cast into the Abyss!
 18196 | Abyss:2  | Cast into level 2 of the Abyss (an occultist)
 18225 | Abyss:2  | Gained mutation: Your magical capacity is low. (-10% MP)
                  | [potion of mutation]
 18225 | Abyss:2  | Gained mutation: You have a pair of small horns on your
                  | head. [potion of mutation]
 18226 | Abyss:2  | Identified a potion of resistance
 19030 | Abyss:2  | Noticed a tentacled starspawn
 19079 | Abyss:2  | Noticed a deep elf demonologist
 19079 | Abyss:2  | Noticed a bone dragon
 19115 | Abyss:3  | Noticed a tentacled starspawn
 19128 | Abyss:3  | Killed a tentacled starspawn
 19143 | Abyss:3  | Noticed a reaper
 19153 | Abyss:3  | Found a corrupted altar of Lugonu.
 19270 | Abyss:3  | Noticed a blizzard demon
 19274 | Abyss:3  | Killed from afar by a blizzard demon

Vanquished Creatures
  A tentacled starspawn (Abyss:3)
  Josephine (Lair:2)
  A vault guard (D:12)
  2 hydras
  3 two-headed ogres
  A boulder beetle (D:12)
  A death yak (Lair:1)
  An occultist (Volcano)
  A wretched star (Abyss:2)
  A bog body (Lair:2)
  An orc knight (Bailey)
  2 ugly things
  A cyclops (D:12)
  An oklob plant (Lair:2)
  A deep elf pyromancer (Bailey)
  A worldbinder (Abyss:3)
  3 toenail golems (Volcano)
  2 manticores
  6 elephants (Lair:2)
  2 black mambas
  Maggie (D:8)
  An unseen horror (D:12)
  3 rime drakes (D:11)
  8 komodo dragons
  4 cane toads
  3 trolls
  Grinder (D:3)
  A hornet (D:9)
  3 blink frogs (Lair:2)
  2 small abominations
  2 large abominations (Abyss:3)
  4 wraiths (Lair:2)
  A shadow (D:12)
  4 wyverns
  21 yaks
  4 humans (Volcano)
  2 steam dragons
  7 vampire mosquitoes (D:12)
  4 basilisks
  4 acid dragons
  2 nagas (Lair:3)
  Duvessa (D:4)
  8 water moccasins
  9 orc warriors
  An ice beast (D:6)
  5 black bears
  An ogre (D:5)
  6 centaurs
  A phantom (D:6)
  3 kobold brigands
  Blork the orc (D:6)
  9 bullfrogs
  2 scorpions
  13 wights
  Dowan (D:4)
  12 howler monkeys
  2 hounds
  3 jellies
  3 orc priests
  7 iguanas
  A sleepcap (D:8)
  Ijyb (D:3)
  Natasha (thrice) (D:4)
  4 orc wizards
  A mummy (D:10)
  Robin (D:3)
  4 gnolls
  11 adders
  2 ufetubi (D:4)
  2 worms
  2 dart slugs (D:2)
  51 orcs
  14 endoplasms
  5 giant cockroaches
  13 hobgoblins
  3 jackals (D:3)
  4 quokkas
  7 ball pythons
  3 bats
  A frilled lizard (D:1)
  13 goblins
  21 kobolds
  4 rats (D:1)
  A starspawn tentacle (Abyss:3)
375 creatures vanquished.

Vanquished Creatures (collateral kills)
  5 death yaks (Lair:1)
  A cyclops (D:12)
  A black mamba (Lair:2)
  A cane toad (Lair:2)
  2 yaks (Lair:1)
10 creatures vanquished.

Vanquished Creatures (others)
  An orc warrior (Bailey)
  2 starspawn tentacles (Abyss:3)
3 creatures vanquished.

Grand Total: 388 creatures vanquished

Table legend: (Time is in decaauts)
 A = Elapsed time spent in this place.
 B = Non-inter-level travel time spent in this place.
 C = Inter-level travel time spent in this place.
 D = Time resting spent in this place.
 E = Time spent auto-exploring this place.
 F = Levels seen in this place.
 G = Mean time per level.
                   A        B        C        D        E       F      G
               +--------+--------+--------+--------+--------+-----+--------+
         Total |  19121 |  18361 |    760 |   4105 |  10501 |  20 |  956.0 |
       Dungeon |  14068 |  13374 |    694 |   2891 |   8011 |  12 | 1172.3 |
        Temple |     43 |      6 |     37 |      0 |      0 |   1 |   43.0 |
          Lair |   3256 |   3228 |     28 |    423 |   2117 |   3 | 1085.3 |
         Abyss |   1068 |   1068 |      0 |    761 |     47 |   2 |  534.0 |
        Bailey |    516 |    516 |      0 |     29 |    325 |   1 |  516.0 |
       Volcano |    167 |    167 |      0 |      0 |      1 |   1 |  167.0 |
               +--------+--------+--------+--------+--------+-----+--------+

Top non-repeatable levels by time:
     D:9: 2866 daAuts
    D:12: 1894 daAuts
  Lair:2: 1800 daAuts
     D:3: 1456 daAuts
     D:6: 1304 daAuts
  Lair:1: 1288 daAuts
     D:4: 1247 daAuts
     D:7: 1003 daAuts
     D:1: 988 daAuts
 Abyss:2: 883 daAuts
    D:10: 862 daAuts
     D:8: 829 daAuts
    D:11: 607 daAuts
  Bailey: 516 daAuts
     D:5: 509 daAuts

Table legend:
 A = Non-vault XP
 B = Vault XP
 C = Vault XP percentage of total XP
 D = Non-vault monster count
 E = Vault monster count
 F = Vault count percentage of total count
                 A         B        C        D         E       F
            +---------+---------+-------+---------+---------+-------
      Total |   42790 |   13043 |  23.4 |     295 |      89 |  23.2
            +---------+---------+-------+---------+---------+-------
        D:1 |     104 |       0 |   0.0 |      29 |       0 |   0.0
        D:2 |      54 |       0 |   0.0 |      14 |       0 |   0.0
        D:3 |      44 |     479 |  91.6 |      11 |      31 |  73.8
        D:4 |     677 |     472 |  41.1 |      33 |       5 |  13.2
        D:5 |     273 |       0 |   0.0 |       7 |       0 |   0.0
        D:6 |     965 |     370 |  27.7 |      19 |       6 |  24.0
        D:7 |     936 |       0 |   0.0 |      18 |       0 |   0.0
        D:8 |    1027 |     409 |  28.5 |      26 |       1 |   3.7
        D:9 |    4030 |    1784 |  30.7 |      30 |       6 |  16.7
       D:10 |    1719 |     166 |   8.8 |       7 |       8 |  53.3
       D:11 |    2915 |    1134 |  28.0 |      10 |       3 |  23.1
       D:12 |    6254 |     895 |  12.5 |      24 |       1 |   4.0
     Lair:1 |    7786 |       0 |   0.0 |      20 |       0 |   0.0
     Lair:2 |   10712 |    2423 |  18.4 |      34 |       6 |  15.0
     Lair:3 |    1540 |     311 |  16.8 |       6 |       2 |  25.0
    Abyss:2 |    1020 |       0 |   0.0 |       2 |       0 |   0.0
    Abyss:3 |    2734 |       0 |   0.0 |       5 |       0 |   0.0
     Bailey |       0 |    1677 | 100.0 |       0 |      12 | 100.0
    Volcano |       0 |    2923 | 100.0 |       0 |       8 | 100.0
            +---------+---------+-------+---------+---------+-------
